 Dungeon Crawl Stone Soup version 0.29.1-15-g9cfb28693d (webtiles) character file.

Game seed: 4394716866648418264

28768 monsoonserge the Basher (level 14, -4/124 HPs)
             Began as a Meteoran Abyssal Knight on Apr 27, 2023.
             Was the Champion of Lugonu.
             Shot with an arrow by a centaur warrior (12 damage)
             ... on level 14 of the Dungeon.
             The game lasted 01:20:26 (7405 turns).

monsoonserge the Basher (Meteoran Abyssal Knight)   Turns: 7405, Time: 01:20:29

Health: -4/124     AC: 21    Str: 17    XL:     14   Next: 12%
Magic:  20/21      EV: 15    Int: 13    God:    Lugonu [******]
Gold:   1374       SH:  0    Dex: 21    Spells: 13/13 levels left

rFire   . . .      SeeInvis .   x - +7 war axe of the Imperium {holy, +Blink rElec rCorr Str-2}
rCold   + . .      Faith    .   (no shield)
rNeg    . . .      Spirit   .   k - +3 scale mail {rC+}
rPois   .          Reflect  .   d - +0 helmet
rElec   +          Harm     .   g - +1 cloak
rCorr   +          Rampage  .   (no gloves)
Will    +....                   Z - +0 pair of boots {Fly}
Stlth   ..........              V - amulet of magic regeneration
HPRegen 0.30/turn               K - +4 ring of protection
MPRegen 0.57/turn               L - +6 ring of dexterity

@: flying, glowing
A: sense surroundings 2, otherworldly, glowing, explore regen
a: Renounce Religion, Evoke Blink, Depart the Abyss, Bend Space, Banish,
Corrupt, Enter the Abyss, Brand Weapon With Distortion


You were on level 14 of the Dungeon.
You worshipped Lugonu.
Lugonu was exalted by your worship.
You visited 2 branches of the dungeon, and saw 15 of its levels.
You visited the Abyss 1 time.
You also visited: Bailey.

You collected 1374 gold pieces.

Inventory:

Hand Weapons
 f - a +4 flail of protection
 x - the +7 war axe of the Imperium (weapon) {holy, +Blink rElec rCorr Str-2}
   (You found it on level 10 of the Dungeon)

   It has been blessed by the Shining One to cause great damage to the undead
   and demons.
   Str:       It affects your strength (-2).
   rElec:     It insulates you from electricity.
   +Blink:    It lets you blink.
   rCorr:     It protects you from acid and corrosion.
 S - a +0 sling of flaming
Missiles
 b - 36 poisoned darts
 c - 117 stones
 h - 3 boomerangs (quivered)
 O - a silver boomerang
Armour
 d - a +0 helmet (worn)
 g - a +1 cloak (worn)
 k - a +3 scale mail of cold resistance (worn)
 z - a +0 pair of boots
 B - a +0 crystal plate armour
 F - the +3 leather armour "Huxta" {rElec rC+}
   (You found it on level 12 of the Dungeon)

   rC:        It protects you from cold.
   rElec:     It insulates you from electricity.
 G - a +0 chain mail of cold resistance
 I - a +1 scale mail of fire resistance
 Z - a +0 pair of boots of flying (worn)
Jewellery
 K - a +4 ring of protection (left hand)
 L - a +6 ring of dexterity (right hand)
 R - a ring of protection from cold
 V - an amulet of magic regeneration (around neck)
 Y - an amulet of guardian spirit
Wands
 r - a wand of charming (11)
 y - a wand of flame (16)
 H - a wand of quicksilver (4)
 T - a wand of polymorph (16)
Scrolls
 i - 4 scrolls of teleportation {unknown}
 j - 2 scrolls of poison {unknown}
 l - 17 scrolls of identify {unknown}
 m - a scroll of torment {unknown}
 n - a scroll of noise {unknown}
 o - 2 scrolls of magic mapping {unknown}
 q - a scroll of silence {unknown}
 s - 3 scrolls of blinking {unknown}
 C - 3 scrolls of vulnerability {unknown}
 J - 2 scrolls of fear {unknown}
 N - 3 scrolls of brand weapon {unknown}
 P - a scroll of summoning {unknown}
 Q - a scroll of fog {unknown}
 U - 2 scrolls of enchant armour {unknown}
 X - a scroll of amnesia {unknown}
Potions
 a - 2 potions of magic {unknown}
 e - 3 potions of invisibility {unknown}
 p - a potion of resistance {unknown}
 t - a potion of degeneration {unknown}
 u - 4 potions of curing {unknown}
 v - a potion of mutation {unknown}
 w - 3 potions of might {unknown}
 A - 2 potions of berserk rage {unknown}
 D - a potion of ambrosia {unknown}
 E - 2 potions of brilliance {unknown}
 M - 3 potions of haste {unknown}
 W - a potion of flight {unknown}


   Skills:
 + Level 11.3 Fighting
 + Level 11.8(14.5) Axes
 - Level 14.8(16.7) Maces & Flails
 + Level 4.7 Throwing
 + Level 10.0 Armour
 + Level 9.2 Dodging
 + Level 9.1 Invocations
 + Level 2.0 Evocations


You had 13 spell levels left.
You didn't know any spells.
Your spell library contained the following spells:

 Spells                   Type           Power      Damage    Failure   Level
 Foxfire                  Conj/Fire      0%         2x1d4     63%         1
 Freeze                   Ice            0%         1d3       63%         1
 Blink                    Tloc           0%         N/A       77%         2
 Sublimation of Blood     Necr           0%         N/A       77%         2
 Wereblood                Tmut           0%         N/A       77%         2
 Conjure Flame            Conj/Fire      0%         6-21      94%         3
 Frozen Ramparts          Ice            0%         1d1       94%         3
 Inner Flame              Hex/Fire       0%         N/A       94%         3
 Lesser Beckoning         Tloc           0%         N/A       94%         3
 Flame Wave               Conj/Fire      0%         2d4       100%        4
 Hailstorm                Conj/Ice       0%         3d3       100%        4
 Ice Form                 Ice/Tmut       0%         N/A       100%        4
 Summon Ice Beast         Ice/Summ       0%         N/A       100%        4
 Manifold Assault         Tloc           0%         N/A       100%        5
 Summon Hydra             Summ           0%         N/A       100%        7


Dungeon Overview and Level Annotations

Branches:
Dungeon (14/15) Zot: 1568  Temple (1/1) D:4 Zot: 571    Lair (0/5) D:11
    Orc (0/2) D:12         Bailey (visited)
 Vaults: D:13-14

Altars:
Ashenzari
Cheibriados
Dithmenos
Elyvilon
Fedhas
Hepliaklqana
Kikubaaqudgha
Makhleb
Nemelex Xobeh
Okawaru
Ru
Uskayaw
Vehumet
Wu Jian
Xom
Zin
The Shining One

Shops:
D:2 (   D:7 [


Innate Abilities, Weirdness & Mutations

You passively map the area around you.
You are easily found by Zot.
You glow in the dark.
You regain HP and MP as you explore.


Message History

Aim: a deep elf zephyrmancer, wielding a +0 rapier (almost dead, 61% to hit)
You throw a boomerang.
The boomerang closely misses the deep elf zephyrmancer.
You feel sick.
The deep elf zephyrmancer points at you and mumbles some strange words.
The bolt of lightning hits you! You resist.
* * * LOW HITPOINT WARNING * * *
Throw: 3 boomerangs
Press: ? - help, Q - select action, (/) - cycle Shift-Dir - straight line, f/p - deep elf zephyrmancer
Aim: a deep elf zephyrmancer, wielding a +0 rapier (almost dead, 61% to hit)
Okay, then.
Aiming: Throw Flame
Press: ? - help, Shift-Dir - straight line, f/p - deep elf zephyrmancer
Aim: a deep elf zephyrmancer, wielding a +0 rapier (almost dead, 60% to hit)
The puff of flame hits the deep elf zephyrmancer!
You kill the deep elf zephyrmancer!
Lugonu accepts your kill.
You feel sick.
Your Evocations skill increases to level 2!
A yaktaur comes into view.
You feel sick.
The yaktaur shouts!
Things that are here:
a +2 long sword of venom; a +0 dagger A centaur warrior comes into view.
You feel sick.
You are no longer poisoned.
The centaur warrior wields a +0 shortbow.
The centaur warrior shoots an arrow.
The arrow hits you.
* * * LOW HITPOINT WARNING * * *
The yaktaur hits you but does no damage.
You hear a shout!
You see here a +0 arbalest.
Space bends violently around you!
You blink.
Found a scale mail.
The centaur warrior shoots an arrow.
The arrow hits you!
* * * LOW HITPOINT WARNING * * *
The yaktaur wields a +0 arbalest.
The yaktaur shoots a bolt.
The bolt hits you!
* * * LOW HITPOINT WARNING * * *
The centaur warrior shoots an arrow.
The arrow hits you!
You die...

* * * * * .... ,, *## *#..# ,,
, ..,#..# ....# , , * . #..##.
,#....# , #.#..#.# #....# , ,,
#..##.#..#c##..#....# ,,,
#..(.......# #....# , ,
##.#@.#.#####)...# , ,, ,
[..........)).......#
.....?.............(ยง........#
........,#####.#..#c#####....#
........ , ..........# #....#
....... ##.#..#.##..#....#
.....# , # #..#.# .#....#
.....# *#..##.* ,#....# .....#
*, #. ., #....#


You could see a centaur warrior and a yaktaur.

Vanquished Creatures
  A centaur warrior (D:13)
  4 two-headed ogres
  A tengu warrior (D:13)
  Lodul (D:10)
  Pikel (D:6)
  4 deep elf zephyrmancers
  3 deep elf pyromancers
  4 ugly things
  A cyclops (D:12)
  A cyclops (shapeshifter) (D:12)
  2 manticores (D:12)
  An elephant (shapeshifter) (D:13)
  Maurice (D:8)
  2 unseen horrors
  A centaur skeleton (D:14)
  An eye of devastation (shapeshifter) (D:13)
  A gargoyle (D:11)
  A kobold demonologist (D:12)
  3 yaktaurs (D:14)
  6 trolls
  3 meliai (D:14)
  2 slime creatures (D:12)
  A hornet (D:9)
  Sigmund (D:2)
  A shadow (D:10)
  A vampire (D:10)
  22 yaks
  2 wraiths
  2 wyverns
  Grum (D:8)
  A steam dragon (D:8)
  4 vampire mosquitoes
  2 acid dragons
  Edmund (D:4)
  2 sky beasts (D:7)
  An ice beast (D:5)
  9 orc warriors
  2 black bears
  4 ogres (D:10)
  3 wolves (D:8)
  7 centaurs
  A kobold brigand (D:6)
  Blork the orc (D:5)
  4 bullfrogs
  3 scorpions
  2 necrophages
  4 wights (D:6)
  5 howler monkeys
  16 killer bees
  An electric eel (D:8)
  A hound (D:4)
  8 orc priests
  Terence (D:2)
  An iguana (D:7)
  7 orc wizards
  7 adders
  7 gnolls
  A shadow imp (D:5)
  2 white imps (D:6)
  3 ufetubi
  A worm (D:2)
  2 dart slugs
  68 orcs
  7 ball pythons
  A bat (D:3)
  5 endoplasms
  A giant cockroach (D:2)
  8 goblins
  8 hobgoblins
  8 jackals
  13 kobolds
  5 quokkas
  3 frilled lizards
  8 rats
325 creatures vanquished.

Vanquished Creatures (collateral kills)
  2 orc warriors (Bailey)
  2 ogres (D:10)
  An orc (Bailey)
5 creatures vanquished.

Vanquished Creatures (others)
  An ogre (D:10)
  2 gnolls (D:8)
  A fungus (D:8)
4 creatures vanquished.

Grand Total: 334 creatures vanquished

Notes
Turn   | Place    | Note
-------+----------+-------------------------------------------
     0 | Abyss:1  | monsoonserge the Meteoran Abyssal Knight began the quest
                  | for the Orb.
     0 | Abyss:1  | Reached XP level 1. HP: 19/19 MP: 3/3
    21 | Abyss:1  | Found a corrupted altar of Lugonu.
    73 | D:1      | Escaped the Abyss
   170 | D:1      | Reached XP level 2. HP: 19/26 MP: 4/4
   172 | D:1      | Reached skill level 3 in Maces & Flails
   207 | D:1      | Reached XP level 3. HP: 11/33 MP: 4/6
   294 | D:1      | Found a faded altar of an unknown god.
   492 | D:2      | Reached XP level 4. HP: 40/40 MP: 7/7
   498 | D:2      | Noticed Terence
   518 | D:2      | Killed Terence
   519 | D:2      | Reached skill level 4 in Maces & Flails
   542 | D:2      | Reached *** piety under Lugonu
   616 | D:2      | Noticed Sigmund
   629 | D:2      | Killed Sigmund
   630 | D:2      | Reached skill level 5 in Maces & Flails
   630 | D:2      | Reached XP level 5. HP: 27/46 MP: 7/9
   630 | D:2      | Reached XP level 6. HP: 31/52 MP: 7/10
   663 | D:2      | Found Osy Xato's Antique Weapon Boutique.
  1015 | D:3      | Found a sacrificial altar of Ru.
  1015 | D:3      | Found an ornate altar of the Wu Jian Council.
  1082 | D:4      | Reached XP level 7. HP: 36/60 MP: 11/11
  1245 | D:4      | Noticed Edmund
  1289 | D:4      | Killed Edmund
  1290 | D:4      | Reached skill level 6 in Maces & Flails
  1299 | D:4      | Reached **** piety under Lugonu
  1300 | D:4      | Found a staircase to the Ecumenical Temple.
  1309 | Temple   | Entered the Ecumenical Temple
  1405 | D:5      | Entered Level 5 of the Dungeon
  1726 | D:5      | Reached skill level 1 in Throwing
  1740 | D:5      | Noticed Blork the orc
  1752 | D:5      | Killed Blork the orc
  1753 | D:5      | Reached XP level 8. HP: 43/67 MP: 12/12
  1758 | D:5      | Reached skill level 5 in Fighting
  1758 | D:5      | Reached skill level 5 in Armour
  1775 | D:5      | Found a glowing golden altar of the Shining One.
  1792 | D:5      | Reached skill level 7 in Maces & Flails
  1821 | D:5      | Noticed a wyvern
  1827 | D:5      | Killed a wyvern
  1926 | D:5      | Reached skill level 8 in Maces & Flails
  1945 | D:5      | Gained mutation: You passively map the area around you.
                  | [Meteoran growth]
  1945 | D:5      | Reached XP level 9. HP: 74/74 MP: 13/13
  2152 | D:6      | Reached skill level 9 in Maces & Flails
  2152 | D:6      | Reached skill level 5 in Invocations
  2160 | D:6      | Noticed Pikel
  2184 | D:6      | Killed Pikel
  2185 | D:6      | Reached skill level 10 in Maces & Flails
  2270 | D:6      | Reached XP level 10. HP: 53/82 MP: 15/15
  2275 | D:6      | Reached ***** piety under Lugonu
  2435 | D:7      | Found a flagged portal.
  2456 | D:7      | Reached skill level 11 in Maces & Flails
  2457 | Bailey   | Entered a bailey
  2539 | Bailey   | Noticed an orc knight
  2544 | Bailey   | Banished an orc knight
  2545 | Bailey   | Reached skill level 5 in Dodging
  2574 | Bailey   | HP: 3/84 [orc warrior/+0 spear (6)]
  2602 | Bailey   | Found a large runed translucent door.
  2602 | Bailey   | Found a large runed translucent door.
  2603 | Bailey   | Noticed a deep elf zephyrmancer
  2722 | Bailey   | Killed a deep elf zephyrmancer
  2723 | Bailey   | Reached skill level 12 in Maces & Flails
  2828 | D:7      | Found Witappar's Antique Armour Emporium.
  2877 | D:7      | Reached skill level 1 in Evocations
  2975 | D:7      | Noticed a two-headed ogre
  2985 | D:7      | Killed a two-headed ogre
  2986 | D:7      | Reached XP level 11. HP: 66/92 MP: 17/17
  3382 | D:8      | Noticed Grum
  3415 | D:8      | Killed Grum
  3556 | D:8      | Reached skill level 13 in Maces & Flails
  3797 | D:8      | Noticed Maurice
  3847 | D:8      | Killed Maurice
  4191 | D:9      | You fall into a shaft and drop 2 floors!
  4270 | D:11     | Reached skill level 14 in Maces & Flails
  4282 | D:11     | Noticed a purple ugly thing
  4315 | D:11     | Killed a purple ugly thing
  4316 | D:11     | Reached XP level 12. HP: 55/103 MP: 19/19
  4365 | D:11     | Noticed a two-headed ogre
  4379 | D:11     | Killed a two-headed ogre
  4384 | D:10     | Entered Level 10 of the Dungeon
  4661 | D:9      | Paralysed by a hornet for 3 turns
  4914 | D:10     | Noticed Lodul
  4934 | D:10     | Killed Lodul
  4940 | D:10     | Reached ****** piety under Lugonu
  5000 | D:10     | Identified the +7 war axe of the Imperium {holy, +Blink
                  | rElec rCorr Str-2}
  5020 | D:10     | Reached skill level 10 in Armour
  5050 | D:10     | Reached skill level 1 in Axes
  5421 | D:11     | Found a sparkling altar of Nemelex Xobeh.
  5471 | D:11     | Noticed a two-headed ogre
  5479 | D:11     | Killed a two-headed ogre
  5611 | D:11     | Reached skill level 5 in Axes
  5623 | D:11     | Found a staircase to the Lair.
  5640 | D:12     | Noticed a deep elf pyromancer
  5649 | D:12     | Killed a deep elf pyromancer
  5697 | D:12     | Found a gate leading to a gauntlet.
  5750 | D:12     | Identified the +3 leather armour "Huxta" {rElec rC+}
  5808 | D:12     | Reached XP level 13. HP: 42/113 MP: 20/20
  5894 | D:12     | Reached skill level 10 in Fighting
  6085 | D:12     | Found a staircase to the Orcish Mines.
  6272 | D:12     | Noticed a two-headed ogre
  6292 | D:12     | Killed a two-headed ogre
  6457 | D:13     | Noticed a tengu warrior
  6470 | D:13     | Killed a tengu warrior
  6535 | D:13     | Reached skill level 10 in Axes
  6634 | D:13     | Noticed a seven-headed hydra
  6639 | D:13     | Banished an eight-headed hydra
  6674 | D:13     | Noticed a centaur warrior
  6694 | D:13     | Killed a centaur warrior
  7290 | D:14     | Found a hide-covered altar of Uskayaw.
  7379 | D:14     | Reached XP level 14. HP: 106/124 MP: 21/21
  7405 | D:14     | Shot with an arrow by a centaur warrior

Illustrated notes

Levels and vault maps discovered:
D:1:      dpeg_arrival_water_altar, layout_basic,
          chequers_ecumenical_altar_lobes
D:2:      layout_rooms, serial_shops, shop_statue, small_statue_intersection,
          lightli_corner_chamber, uniq_terence, uniq_sigmund
D:3:      layout_rooms, grunt_temple_overflow_open, nicolae_figureground_pulse
D:4:      layout_basic, temple_hall, uniq_edmund
D:5:      layout_basic, mainiacjoe_overflow_24_doors, gammafunk_ghost_cemetery,
          serial_corexii_hall, corexii_hall_statues_u,
          chequers_hall_statues_corner_a, uniq_blork_the_orc
D:6:      layout_loops_cross, uniq_pikel
D:7:      layout_loops_corners, enter_bailey_2, serial_shops, shop
D:8:      layout_cave_pools, hangedman_abyss_or_decor_stabs, fungi_pond_lemuel,
          kennysheep_diamond, corner_web_ring, uniq_maurice, uniq_grum
D:9:      layout_basic
D:10:     layout_long_grid, uniq_lodul
D:11:     layout_irregular_city, lair_entry_dummy, nemelex_diamond_rough_becter
D:12:     kennysheep_blocky_room, layout_irregular_city, hiddenorc2_lemuel,
          gauntlet_entry_generic
D:13:     layout_loops_corners
D:14:     layout_long_grid, hangedman_vaults_entry_quadrant_bands,
          nicolae_uskayaw_en_pointe
Temple:   compressed_dpeg_triangle_lava_temple

Skill      XL: |  1  2  3  4  5  6  7  8  9 10 11 12 13 14 |
---------------+-------------------------------------------+-----
Maces & Flails | 3 5 6 8 10 12 14 | 14.8
Invocations    | 3 4 6 7 8 9 |  9.1
Armour         | 3 4 5 6 8 9 10 | 10.0
Fighting       | 4 5 6 7 8 9 11 | 11.3
Dodging        | 2 3 4 5 7 8 9 |  9.2
Throwing       | 1 2 3 4 |  4.7
Evocations     | 1 2 |  2.0
Axes           | 6 11 | 11.8

Action                   |  1- 3 |  4- 6 |  7- 9 | 10-12 | 13-15 || total
-------------------------+-------+-------+-------+-------+-------++-------
Melee: Mace              |    89 |   127 |    44 |       |       ||   260
       Punch             |       |     3 |     2 |     6 |     3 ||    14
       Flail             |       |       |   206 |   559 |       ||   765
       War axe           |       |       |       |   130 |   267 ||   397
Throw: Boomerang         |     2 |     1 |     9 |    10 |     3 ||    25
       Dart              |       |       |       |    22 |     7 ||    29
Invok: Bend Space        |       |       |     1 |     7 |     8 ||    16
       Banish            |       |       |       |     1 |     4 ||     5
Evoke: Wand              |       |       |       |     8 |     5 ||    13
  Use: Potion            |       |       |     1 |     1 |     1 ||     3
Armor: Leather armour    |    13 |       |       |       |       ||    13
       Ring mail         |    36 |     7 |       |       |       ||    43
       Scale mail        |       |   115 |   176 |   486 |   216 ||   993
Dodge: Dodged            |    36 |    74 |   135 |   380 |   165 ||   790
